 Dungeon Crawl Stone Soup version 0.28.0-45-g0d030f2227 (webtiles) character file.

Game seed: 6366446342767432983

14 Peloso the Covered (level 2, -2/27 HPs)
             Began as a Minotaur Fighter on Apr 14, 2022.
             Slain by a gnoll
             ... wielding a +0 club
              (7 damage)
             ... on level 1 of the Dungeon.
             The game lasted 00:00:38 (531 turns).

Peloso the Covered (Minotaur Fighter)                Turns: 531, Time: 00:00:39

Health: -2/27      AC:  7    Str: 20    XL:     2   Next: 31%
Magic:  1/1        EV:  9    Int:  5    God:
Gold:   36         SH:  4    Dex:  9    Spells: 1/1 levels left

rFire   . . .      SeeInvis .   a - +0 long sword
rCold   . . .      Faith    .   c - +0 buckler
rNeg    . . .      Spirit   .   b - +0 scale mail
rPois   +          Reflect  .   (helmet restricted)
rElec   .          Harm     .   (no cloak)
rCorr   .          Rampage  .   (no gloves)
Will    .....                   (no boots)
Stlth   ..........              (no amulet)
HPRegen 0.09/turn               f - ring of poison resistance
MPRegen 0.07/turn               (no ring)

@: no status effects
A: horns 2, retaliatory headbutt
a: no special abilities


You were on level 1 of the Dungeon.
You visited 1 branch of the dungeon, and saw 1 of its levels.

You collected 36 gold pieces.

Inventory:

Hand Weapons
 a - a +0 long sword (weapon)
Armour
 b - a +0 scale mail (worn)
 c - a +0 buckler (worn)
Jewellery
 f - a ring of poison resistance (left hand)
Scrolls
 e - a scroll of blinking {unknown}
 g - a scroll of teleportation {unknown}
Potions
 d - 3 potions of might


   Skills:
 + Level 3.9 Fighting
 + Level 2.5 Long Blades
 + Level 3.9 Armour
 + Level 0.1 Dodging
 + Level 3.9 Shields


You had one spell level left.
You didn't know any spells.
Your spell library contained the following spells:

 Spells                   Type           Power      Damage    Failure   Level
 Sublimation of Blood     Necr           0%         N/A       96%         2
 Wereblood                Tmut           0%         N/A       96%         2
 Summon Hydra             Summ           0%         N/A       100%        7


Dungeon Overview and Level Annotations

Branches:
Dungeon (1/15)

Altars:


Innate Abilities, Weirdness & Mutations

You have a pair of horns on your head.
You reflexively headbutt those who attack you in melee.


Message History

You see here a +0 whip.
A rat comes into view.
A rat is nearby!
A rat is nearby!
A rat is nearby!
You hit the rat.
You kill the rat!
You see here a rat corpse.
A gnoll comes into view. It is wielding a +0 club.
Found a dagger.
The gnoll shouts!
A gnoll is nearby!
A gnoll is nearby!
Found an escape hatch in the floor.
A bat comes into view.
The bat hits you but does no damage. x2; The gnoll hits you with a +0 club.
You hit the gnoll.
The gnoll is moderately wounded.
The bat hits you but does no damage. The gnoll hits you with a +0 club.
The bat misses you. You furiously retaliate!
You headbutt the bat!
You kill the bat!
You barely miss the gnoll.
The gnoll is moderately wounded.
The gnoll hits you with a +0 club. x2
* * * LOW HITPOINT WARNING * * *
You closely miss the gnoll.
The gnoll is moderately wounded.
The gnoll hits you with a +0 club.
* * * LOW HITPOINT WARNING * * *
You hit the gnoll. You headbutt the gnoll.
The gnoll is severely wounded.
The gnoll hits you with a +0 club.
* * * LOW HITPOINT WARNING * * *
You barely miss the gnoll.
The gnoll is severely wounded.
The gnoll completely misses you. The gnoll barely misses you.
You closely miss the gnoll. Your headbutt misses the gnoll.
The gnoll is severely wounded.
The gnoll hits you with a +0 club!
You die...

# ### # ##.# # ##.# # # # ##.#
#### #.# # ##.# ..# #.# # ##.##
#.# #.#.# # ....# #.##.###.#
#.### # ##..###### #..g@...##
##†.# #
............).##.###.###.#.######
##..######.# #># ##.#.##.......
#........ ..# ##.###.......
#.####### #### #.##........
#.....# #........### #####.#
###....#.# # #.# #######....#.###
#.# #..........†....


You could see a gnoll.

Vanquished Creatures
  3 bats (D:1)
  An endoplasm (D:1)
  A giant cockroach (D:1)
  A goblin (D:1)
  2 kobolds (D:1)
  2 ball pythons (D:1)
  2 frilled lizards (D:1)
  3 rats (D:1)
15 creatures vanquished.

Notes
Turn   | Place    | Note
-------+----------+-------------------------------------------
     0 | D:1      | Peloso the Minotaur Fighter began the quest for the Orb.
     0 | D:1      | Reached XP level 1. HP: 19/19 MP: 0/0
   142 | D:1      | Reached XP level 2. HP: 26/27 MP: 1/1
   339 | D:1      | Found a faded altar of an unknown god.
   531 | D:1      | Slain by a gnoll

Illustrated notes

Levels and vault maps discovered:
D:1:      lemuel_arrival_muddy, layout_loops_ring, basic_ecumenical_altar,
          minmay_hexomino_f4

Action                   || total
-------------------------++-------
Melee: Long sword        ||    35
       Headbutt          ||     1
Armor: Scale mail        ||    23
Dodge: Dodged            ||    21
Block: Buckler           ||     5
